Map: Cerulean Fall LE

Players

Elazer - Winner!

  • Race: Zerg Zerg
  • Spawn Location: 1:00

goblin

  • Race: Protoss Protoss
  • Spawn Location: 7:00

Event: HomeStory Cup XVIII

VOD

Have the link to the VOD?

Description

Time

  • Played on: Nov. 22, 2018, 2:39 p.m.
  • Length: 7:32

All games in this series

Show
View Real Time Build Order
Export as new Build Order

Elazer Zerg - Winner!

Build Orders: Hatch First, Zergling Baneling 

Get SALT Encoding   

  12  0:00  Drone  
  13  0:12  Overlord  
  13  0:17  Drone  
  14  0:30  Drone  
  14  0:31  Drone  
  16  0:49  Hatchery  
  15  0:52  Drone  
  15  0:55  Drone  
  17  0:58  Drone  
  18  1:09  Extractor  
  17  1:13  Spawning Pool  
  17  1:16  Drone  
  17  1:20  Drone  
  18  1:31  Drone  
  19  1:42  Drone  
  20  1:52  Drone  
  21  2:01  Spine Crawler  
  21  2:03  Queen, Spine Crawler  
  21  2:04  Spine Crawler  
  20  2:10  Spine Crawler  
  20  2:15  Spine Crawler  
  19  2:18  Zergling x4  
  21  2:24  Metabolic Boost  
  21  2:29  Zergling x2  
  22  2:35  Zergling x4  
  24  2:40  Zergling x2  
  25  2:56  Overlord  
  24  3:14  Baneling Nest  
  24  3:15  Zergling x2  
  24  3:18  Zergling x10  
  29  3:25  Zergling x2  
  30  3:31  Overlord  
  30  3:49  Zergling x8  
  34  4:03  Zergling x2  
  34  4:07  Baneling x6  
  34  4:08  Baneling x2  
  34  4:10  Zergling x2  
  34  4:12  Baneling  
  35  4:19  Zergling x2  
  35  4:31  Zergling x4  
  35  4:33  Baneling x2  
  35  4:38  Overlord  
  34  4:51  Zergling x4  
  34  5:03  Zergling x8  
  36  5:08  Baneling x3  
  36  5:09  Baneling  
  34  5:17  Zergling x2  
  26  5:32  Zergling x2  
  25  5:40  Baneling x3  
  25  5:43  Zergling x8  
  25  5:49  Baneling  
  28  5:50  Zergling x2  
  28  5:56  Baneling  
  29  6:00  Zergling x2  
  29  6:15  Zergling x6  
  28  6:29  Zergling x2  
  24  6:40  Zergling x8  
  28  6:51  Zergling x2  
  28  7:03  Zergling x2  
  28  7:09  Zergling x6  
  29  7:20  Hatchery  
Show
View Real Time Build Order
Export as new Build Order

goblin Protoss 

Build Orders:  

Get SALT Encoding   

  12  0:00  Probe  
  13  0:12  Probe  
  14  0:20  Pylon  
  14  0:25  Probe  
  15  0:34  Probe  
  15  0:42  Gateway  
  16  0:43  Probe  
  17  0:53  Assimilator  
  17  0:54  Probe  
  18  1:06  Probe  
  19  1:13  Forge  
  19  1:23  Probe  
  20  1:26  Pylon  
  20  1:34  Pylon  
  20  1:35  Pylon  
  20  1:46  Photon Cannon  
  20  1:53  Photon Cannon  
  20  2:00  Pylon  
  20  2:03  Photon Cannon  
  20  2:20  Nexus  
  20  2:29  Zealot  
  20  2:30  Cybernetics Core  
  22  2:45  Pylon  
  22  2:53  Assimilator  
  22  2:58  Probe  
  23  2:59  Adept  
  23  3:02  Pylon  
  24  3:15  Photon Cannon  
  24  3:21  Pylon  
  24  3:25  Sentry  
  26  3:32  Probe  
  27  3:43  Stargate  
  27  3:46  Probe x2  
  29  3:54  Probe x2  
  29  3:56  Warp Gate  
  29  4:02  Probe  
  31  4:03  Adept  
  31  4:04  Probe  
  33  4:12  Probe  
  33  4:13  Probe  
  35  4:21  Probe  
  35  4:31  Oracle  
  40  4:35  Pylon  
  40  4:36  Gateway  
  39  4:43  Gateway  
  29  5:00  Gateway  
  26  5:22  Gateway  
  23  5:32  Probe  
  23  5:33  Probe  
  16  5:40  Probe  
  18  5:46  Probe  
  19  5:50  Probe  
  21  6:03  Oracle  
  22  6:27  Adept  
  18  6:49  Gateway  
  17  6:56  Zealot  
  19  7:04  Pylon  
  19  7:08  Probe  
  15  7:23  Adept  
Tags
 
Add a new tag
Caveats
  • Supply blocks, unpowered buildings, or Contaminate may cause inaccurate times.
  • Supply counts are checked every 10 seconds.